AoeStats
← 18 on berries

Arabia

511050862Analyzed
1v1 RM · 8h ago on Oct 3, 2026· 44m 14s· 2 players
Game mode
Random Map
Map size
Tiny (2 player)
Population
200
Speed
Normal
Resources
Standard
Victory
Conquest
Starting age
Dark Age
Ending age
Imperial Age
RankedLock teamsTeams togetherTeam positionsShared explorationLock speedFull tech treeHidden civsTurbo modeCheats
Victory
Defeat
🇫🇷 Ethiopians · France
1953
+16
🇩🇪 Sicilians · Germany
1944
-16
18 on berries
6:47 Loom
9:13 Feudal Age
10:09 Double-Bit Axe
10:43 Horse Collar
15:23 Fletching
16:18 Scale Barding Armor
19:10 Wheelbarrow
20:57 Town Watch
22:22 Bloodlines
25:12 Castle Age
24:06 Forging
24:11 Bloodlines
24:16 Gold Mining
24:40 Forging
25:18 Light Cavalry
33:25 Chain Barding Armor
35:25 Heavy Plow
36:20 Husbandry
36:47 Bow Saw
38:26 Bodkin Arrow
38:33 Padded Archer Armor
39:17 Iron Casting
38:38 Bodkin Arrow
39:13 Elite Skirmisher
41:25 Padded Archer Armor
44:40 Ballistics
The nicest husband
6:07 Loom
9:45 Feudal Age
10:12 Double-Bit Axe
9:49 Man-at-Arms
10:58 Arson
14:10 Fletching
22:34 Castle Age
20:48 Horse Collar
21:49 Padded Archer Armor
23:45 Wheelbarrow
23:02 Gold Mining
22:56 Crossbowman
23:31 Bodkin Arrow
23:01 Crossbowman
24:03 Bow Saw
26:58 Hand Cart
26:29 Town Watch
27:27 Ballistics
28:04 Heavy Plow
29:19 Masonry
29:18 Stone Mining
35:25 Imperial Age
35:59 Masonry
35:31 Arbalester
37:19 Chemistry
36:26 Bracer
37:42 Leather Archer Armor
37:34 Thumb Ring
39:21 Ring Archer Armor
41:38 Fortified Wall
42:41 Architecture
42:11 Capped Ram
43:02 Scale Mail Armor
44:44 Chain Mail Armor
Connection lost

Rejoining the realm…

Still unreachable

The connection could not be restored.

Session expired

The server has moved on; the page needs a fresh start.